 Dungeon Crawl Stone Soup version 0.31.0-9-g3a7656b989 (webtiles) character file.

Game seed: 7928209639860925174

90 SnakkuSnakku7 the Shooter (level 4, -3/33 HPs)
             Began as a Djinni Hunter on Jan 24, 2024.
             Was a Believer of Zin.
             Slain by a gnoll
             ... wielding a +0 club
              (4 damage)
             ... on level 3 of the Dungeon.
             The game lasted 00:02:15 (1530 turns).

SnakkuSnakku7 the Shooter (Djinni Hunter)           Turns: 1530, Time: 00:02:15

Health: -3/33      AC:  7    Str: 10    XL:     4   Next: 85%
Gold:   126        EV: 12    Int: 10    God:    Zin [**....] SH:  0 Dex: 19

rFire   + + .        a - +0 shortbow
rCold   x . .        (shield currently unavailable)
rNeg    . . .        c - +0 leather armour
rPois   ∞            (no helmet)
rElec   .            (no cloak)
rCorr   .            (no gloves)
SInv    .            (boots unavailable)
Will    .....        (no amulet)
Stlth   ++           f - +4 ring of protection
HPRegen 0.25/turn    (no ring)
MPRegen 0.00/turn

%: infuse magic (-4 HP)
@: mighty, flying
A: sickness immunity, fire resistance 2, cold vulnerability 1, float, innate
caster, HP casting, extra vitality 1
a: Renounce Religion, Recite, Vitalisation, Donate Gold


You were on level 3 of the Dungeon.
You worshipped Zin.
Zin was pleased with you.
You visited 1 branch of the dungeon, and saw 3 of its levels.

You collected 139 gold pieces.
You donated 13 gold pieces to Zin.

Inventory:

Hand Weapons
 a - a +0 shortbow (weapon)
Armour
 c - a +0 leather armour (worn)
Jewellery
 f - a +4 ring of protection (left hand)
Scrolls
 b - a scroll of butterflies
 e - a scroll of brand weapon {unknown}
 g - a scroll of fog {unknown}
 h - a scroll of blinking {unknown}
 i - 3 scrolls of identify {unknown}
 k - a scroll of revelation {unknown}
Potions
 j - a potion of brilliance {unknown}
 l - a potion of attraction {unknown}
 m - a potion of heal wounds {unknown}


   Skills:
 - Level 2.0 Fighting
 + Level 3.1 Staves
 - Level 3.7 Ranged Weapons
 - Level 2.1 Dodging
 - Level 0.7 Stealth


You knew the following spells:

 Your Spells              Type           Power      Damage    Failure   Level
a - Kiss of Death         Conj/Necr      0%         2d5       45%         1
Your spell library was empty.

Dungeon Overview and Level Annotations

Branches:
Dungeon (3/15)

Altars:
Okawaru
Xom
Zin

Shops:
D:1 (*(*


Innate Abilities, Weirdness & Mutations

You are immune to sickness and miasma.
You are immune to poison.
Your flesh is very heat resistant. (rF++)
You are vulnerable to cold. (rC-)
You float through the air rather than walking.
You learn spells naturally, not from books.
Your magical power is your life essence.
You have superior vitality. (+4 MHP)


Message History

A kobold comes into view. It is wielding a +0 club.
You shoot an arrow. The arrow barely misses the gnoll. x2
You shoot an arrow.
The arrow hits the gnoll but does no damage.
The gnoll is moderately wounded.
You shoot an arrow. The arrow hits the gnoll.
The gnoll is heavily wounded.
The gnoll barely misses you.
You shoot an arrow. The arrow hits the gnoll.
The gnoll is severely wounded.
You hear a shout!
A gnoll comes into view. It is wielding a +0 spear.
The gnoll hits you from afar with a +0 spear.
You hear a loud squeak.
You shoot an arrow. The arrow barely misses the gnoll.
The gnoll hits you from afar with a +0 spear.
The gnoll barely misses you.
You shoot an arrow. The arrow barely misses the gnoll.
The gnoll hits you from afar with a +0 spear.
A rat comes into view.
The gnoll closely misses you.
Unknown command.
You shoot an arrow. The arrow barely misses the gnoll.
The gnoll barely misses you. The gnoll hits you but does no damage.
The gnoll hits you from afar with a +0 spear!
The gnoll hits you with a +0 club.
You shoot an arrow. The arrow hits the rat.
You kill the rat!
The gnoll hits you from afar with a +0 spear.
The gnoll hits you with a +0 club.
* * * LOW HITPOINT WARNING * * *
Found a runed robe.
The gnoll attacks as it pursues you!
The gnoll hits you from afar with a +0 spear.
* * * LOW HITPOINT WARNING * * *
It was a potion of might.
You feel very mighty all of a sudden.
The gnoll hits you from afar with a +0 spear.
* * * LOW HITPOINT WARNING * * *
The gnoll hits you with a +0 club.
You die...

..# ... ..# .. #K# # ..
#.# ..# #. #K### #.[. #.
##...######
#..#.##g........#
#....g.#.♣.♣.#.#
#.#>@#.........#
#..#.♣.♣.♣.♣.#
##.#...._....#
#.#.♣.♣.♣.♣.#
#...........# ... ..
..#.#.♣.♣.#.#
.....##.#####.........#
.......#...#.........###
#.#................###


You could see 2 gnolls and a kobold.

Vanquished Creatures
  5 adders
  A ribbon worm (D:2)
  6 ball pythons
  6 endoplasms
  2 giant cockroaches
  5 hobgoblins
  A jackal (D:2)
  3 kobolds
  A quokka (D:2)
  3 bats
  5 frilled lizards (D:2)
  3 goblins
  3 rats
44 creatures vanquished.

Notes
Turn   | Place    | Note
-------+----------+-------------------------------------------
     0 | D:1      | SnakkuSnakku7 the Djinni Hunter began the quest for the
                  | Orb.
     0 | D:1      | Reached XP level 1. HP: 18/18 MP: 0/0
   131 | D:1      | Found a faded altar of an unknown god.
   137 | D:1      | Reached XP level 2. HP: 23/23 MP: 0/0
   142 | D:1      | Prayed at the altar of an unknown god.
   142 | D:1      | Became a worshipper of Zin the Law-Giver
   142 | D:1      | Reached * piety under Zin
   238 | D:1      | Found Ydeahi's Weapon Emporium.
   305 | D:1      | Found Acrec's General Store.
   358 | D:1      | Found Dufoek's Assorted Antiques.
   466 | D:1      | Found Umea's Weapon Emporium.
   521 | D:1      | Reached ** piety under Zin
   594 | D:2      | Reached skill level 1 in Staves
   634 | D:2      | Reached XP level 3. HP: 28/28 MP: 0/0
   634 | D:2      | Learned a level 1 spell: Kiss of Death
  1186 | D:2      | Reached XP level 4. HP: 33/33 MP: 0/0
  1465 | D:3      | Found a shimmering altar of Xom.
  1498 | D:3      | Found an iron altar of Okawaru.
  1530 | D:3      | HP: 1/33 [gnoll/+0 spear (1)]
  1530 | D:3      | Slain by a gnoll

Illustrated notes

Levels and vault maps discovered:
D:1:      dpeg_arrival_three_bigger_balls, layout_loops_ring, serial_shops,
          nicolae_shop_trees, shop_fountains, shop, shop,
          dilly_ecumenical_altar_fadedgnrine, minmay_misc_feat_rows
D:2:      minmay_recursive_quarters, layout_loops_ring,
          nicolae_concentric_dashed_squares_wild, st_stairs_11,
          minmay_lizard_pond
D:3:      layout_rooms, okawaru_trees_1, overflow_temple_1_default,
          nicolae_dithmenos_through_a_glass_darkly,
          mainiacjoe_overflow_small_starburst

Skill      XL: |  1  2  3  4 |
---------------+-------------+-----
Staves         | 1 2 3 |  3.1
Fighting       | |  2.0
Ranged Weapons | |  3.7
Dodging        | |  2.1
Stealth        | |  0.7

Action                     |  1- 3 |  4- 6 || total
---------------------------+-------+-------++-------
   Fire: Shortbow          |    91 |    52 ||   143
    Use: Potion            |       |     1 ||     1
 Armour: Leather armour    |    21 |    23 ||    44
  Dodge: Dodged            |    35 |    20 ||    55
